 Dungeon Crawl Stone Soup version 0.23-a0-703-gdf2d5e0 (webtiles) character file.

84 smallestboo the Caller (level 4, -8/24 HPs)
             Began as a Tengu Summoner on Jan 14, 2019.
             Killed by divine providence
             ... invoked by an orc priest
              (13 damage)
             ... on level 3 of the Dungeon.
             The game lasted 00:15:49 (2122 turns).

smallestboo the Caller (Tengu Summoner)             Turns: 2122, Time: 00:15:50

Health: -8/24      AC:  2    Str:  5    XL:     4   Next: 45%
Magic:  0/9        EV: 13    Int: 17    God:
Gold:   90         SH:  0    Dex: 14    Spells: 8/9 levels left

rFire    . . .     SeeInvis .   m - +2 dagger (drain)
rCold    . . .     Gourm    .   (no shield)
rNeg     . . .     Faith    .   n - +0 robe
rPois    .         Spirit   +   (helmet restricted)
rElec    .         Reflect  .   (no cloak)
rCorr    .         Harm     .   (no gloves)
MR       .....                  (boots unavailable)
Stlth    ++........             g - amulet of guardian spirit
HPRegen  0.08/turn              i - ring of wizardry
MPRegen  0.11/turn              b - -3 ring of strength (curse)

@: no status effects
A: beak, talons 3
a: no special abilities


You were on level 3 of the Dungeon.
You were not hungry.

You visited 1 branch of the dungeon, and saw 4 of its levels.

You collected 90 gold pieces.

Inventory:

Hand Weapons
 d - a +0 dagger
 k - a +0 whip
 m - a +2 dagger of draining (weapon)
Missiles
 e - 15 arrows
Armour
 a - a +0 robe
 j - a +1 helmet
 n - a +0 robe (worn)
Jewellery
 b - a cursed -3 ring of strength (right hand)
 f - an uncursed ring of ice
 g - an amulet of guardian spirit (around neck)
 i - a ring of wizardry (left hand)
 l - an uncursed ring of fire {unknown}
Scrolls
 h - a scroll of identify
 o - a scroll of remove curse {unknown}
Potions
 p - a potion of agility
 q - a potion of haste {unknown}
Comestibles
 c - 6 rations


   Skills:
 + Level 0.3 Fighting
 + Level 1.1 Short Blades
 + Level 2.8 Dodging
 + Level 2.0 Stealth
 + Level 3.0 Spellcasting
 + Level 5.5 Summonings


You had 8 spell levels left.
You knew the following spells:

 Your Spells              Type           Power        Failure   Level  Hunger
a - Summon Small Mammal   Summ           ###.         1%          1    None

Your spell library contained the following spells:

 Spells                   Type           Power        Failure   Level  Hunger
 Call Imp                 Summ           ###.....     1%          2    ##.....
 Call Canine Familiar     Summ           ###.....     2%          3    ###....
 Summon Guardian Golem    Hex/Summ       ##......     7%          3    ###....
 Summon Ice Beast         Ice/Summ       ##......     22%         4    ####...
 Summon Lightning Spire   Summ/Air       ##......     22%         4    ####...


Dungeon Overview and Level Annotations

Branches:
Dungeon (4/15)
 Temple: D:4-7

Altars:
Makhleb

Annotations:
D:4 1 runed door, Blork the orc


Innate Abilities, Weirdness & Mutations

You have a beak for a mouth.
You have claws for feet.


Message History

The orc priest is heavily wounded.
Your quokka bites the orc priest but does no damage.
The orc priest misses you.
Your quokka barely misses the orc priest.
Casting: Summon Small Mammal (safe; 1% risk of failure)
Confirm with . or Enter, or press ? or * to list all spells.
Your quokka bites the orc priest but does no damage.
The orc priest hits you with a +0 flail.
* * * LOW HITPOINT WARNING * * *
Your quokka bites the orc priest but does no damage.
You swap places.
Your quokka barely misses the orc priest.
Your rat barely misses the orc priest.
The orc priest miscasts a cantrip.
Your quokka bites the orc priest.
Your rat closely misses the orc priest.
Your rat bites the orc priest.
The orc priest calls down the wrath of Beogh upon you.
Beogh smites you!
Ouch! That really hurt!
You die...

## .. #####.# ##..#
...... ....# ..#.#
#...# #.#.# #...#
############.#.####o.o#
.......@...r.....##...#
#######....or..#.##...#
#######.##.###.###
#..........)......
#.######.#.###.### #.#
#...# #.# #.# ##..###.#
#.# #.)#....
#.#######..#.#.>#


You could see an orc priest, a friendly quokka and a friendly rat.

Vanquished Creatures
  An adder (D:2)
  An ooze (D:1)
  A dart slug (D:1)
  2 leopard geckos (D:2)
  A bat (D:1)
  A giant cockroach (D:3)
  6 goblins
  A hobgoblin (D:1)
  A quokka (D:2)
  2 kobolds
  2 rats
19 creatures vanquished.

Vanquished Creatures (collateral kills)
  A crimson imp (D:4)
  Jessica (D:2)
  An ooze (D:1)
  A worm (D:4)
  An orc (D:3)
  4 giant cockroaches
  4 goblins
  2 hobgoblins (D:1)
  4 jackals (D:1)
  A kobold (D:2)
  A bat (D:2)
  3 frilled lizards
24 creatures vanquished.

Grand Total: 43 creatures vanquished

Notes
Turn   | Place    | Note
-------+----------+-------------------------------------------
     0 | D:1      | smallestboo the Tengu Summoner began the quest for the Orb.
     0 | D:1      | Reached XP level 1. HP: 10/10 MP: 4/4
   383 | D:1      | Reached XP level 2. HP: 12/15 MP: 0/6
   431 | D:1      | Reached skill level 5 in Summonings
  1053 | D:2      | Reached XP level 3. HP: 19/19 MP: 3/7
  1110 | D:2      | Noticed Jessica
  1120 | D:2      | Killed Jessica
  1408 | D:3      | Reached XP level 4. HP: 22/24 MP: 6/9
  1509 | D:4      | Found a runed door.
  1788 | D:4      | Found a burning altar of Makhleb.
  1800 | D:4      | Reached skill level 1 in Short Blades
  1818 | D:4      | Noticed Blork the orc
  2122 | D:3      | Killed from afar by an orc priest

Vault maps used:
D:1:      dpeg_arrival_line_fractal, grunt_decor_one_mirror
D:2:      first_ration, uniq_jessica
D:4:      makhleb_grotto_becter, ebering_ghost_sewer_f, uniq_blork_the_orc,
          uniq_duvessa

Skill      XL: |  1  2  3  4 |
---------------+-------------+-----
Summonings     | 5 |  5.5
Short Blades   | 1 |  1.1
Spellcasting   | 3 |  3.0
Fighting       | |  0.3
Dodging        | |  2.8
Stealth        | |  2.0

Action                   |  1- 3 |  4- 6 || total
-------------------------+-------+-------++-------
Melee: Dagger            |    42 |    17 ||    59
       Unarmed           |     9 |       ||     9
       Kick              |     9 |     2 ||    11
       Peck              |     5 |     2 ||     7
       Whip              |    10 |       ||    10
 Cast: Summon Small Mamm |    45 |    27 ||    72
  Use: Scroll            |     2 |       ||     2
       Potion            |       |     3 ||     3
 Stab: Distracted        |     1 |       ||     1
  Eat: Chunk             |     2 |       ||     2
       Ration            |       |     1 ||     1
Armor: Robe              |    14 |     2 ||    16
Dodge: Dodged            |    56 |    21 ||    77

Table legend:
 A = Non-vault XP
 B = Vault XP
 C = Vault XP percentage of total XP
 D = Non-vault monster count
 E = Vault monster count
 F = Vault count percentage of total count
                 A         B        C        D         E       F
            +---------+---------+-------+---------+---------+-------
      Total |      71 |      49 |  40.8 |      41 |       2 |   4.7
            +---------+---------+-------+---------+---------+-------
        D:1 |      29 |       0 |   0.0 |      20 |       0 |   0.0
        D:2 |      31 |      19 |  38.0 |      16 |       1 |   5.9
        D:3 |       8 |       0 |   0.0 |       4 |       0 |   0.0
        D:4 |       3 |      30 |  90.9 |       1 |       1 |  50.0
            +---------+---------+-------+---------+---------+-------
